 Dungeon Crawl Stone Soup version 0.22-a0-398-g8bb545f (webtiles) character file.

156 emperorscorpion the Shield-Bearer (level 5, -17/47 HPs)
             Began as a Minotaur Fighter on May 5, 2018.
             Demolished by an ogre
             ... wielding a +0 giant club
              (26 damage)
             ... on level 4 of the Dungeon.
             The game lasted 00:03:39 (704 turns).

emperorscorpion the Shield-Bearer (Minotaur Fighter) Turns: 704, Time: 00:03:40

Health: -17/47     AC:  8    Str: 21    XL:     5   Next: 15%
Magic:  4/4        EV:  9    Int:  5    God:
Gold:   83         SH: 10    Dex: 10    Spells: 4/4 levels left

rFire    . . .     SeeInvis .   a - +0 war axe
rCold    . . .     Gourm    .   c - +1 shield
rNeg     . . .     Faith    .   b - +0 scale mail
rPois    .         Spirit   .   (helmet restricted)
rElec    .         Reflect  .   l - +0 cloak
rCorr    .         Harm     .   (no gloves)
MR       .....                  (no boots)
Stlth    ..........             (no amulet)
HPRegen  0.15/turn              i - +1 ring of evasion
MPRegen  0.09/turn              (no ring)

@: no status effects
A: retaliatory headbutt, horns 2
a: no special abilities


You were on level 4 of the Dungeon.
You were not hungry.

You visited 1 branch of the dungeon, and saw 5 of its levels.

You collected 83 gold pieces.

Inventory:

Hand Weapons
 a - a +0 war axe (weapon)
 k - a +0 flail
Armour
 b - a +0 scale mail (worn)
 c - a +1 shield (worn)
 l - a +0 cloak (worn)
Jewellery
 i - a +1 ring of evasion (left hand)
Wands
 o - a wand of enslavement (15)
Scrolls
 g - 4 scrolls of identify
 h - a scroll of teleportation {unknown}
 j - a scroll of remove curse
Potions
 d - 3 potions of might
 e - 2 potions of cancellation
Comestibles
 f - 3 rations


   Skills:
 + Level 4.5 Fighting
 + Level 4.3 Axes
 + Level 4.2 Armour
 + Level 0.7 Dodging
 + Level 4.8 Shields


You had 4 spell levels left.
You didn't know any spells.

Dungeon Overview and Level Annotations

Branches:
Dungeon (5/15)
 Temple: D:4-7

Altars:

Annotations:
D:5 VajrapaniSR's ghost, amateur OpHu


Innate Abilities, Weirdness & Mutations

You reflexively headbutt those who attack you in melee.
You have a pair of horns on your head.


Message History

The ogre shouts!
An orc wizard comes into view. It is wielding a dagger.
The orc wizard shouts!
You hear a shout! x2
The orc wizard casts a spell.
The orc wizard seems to speed up.
Evoke which item? (* to show all) (? for menu, Esc to quit)
Aiming: Enslavement
Press: ? - help, Shift-Dir - straight line, f - ogre
Aim: an ogre, wielding a giant club (chance to defeat MR: 46%)
The ogre resists with some effort.
The orc wizard gestures wildly while chanting.
The orc wizard flickers and vanishes!
Deactivating autopickup; reactivate with Ctrl-A.
Evoke which item? (* to show all) (? for menu, Esc to quit)
Aiming: Enslavement
Press: ? - help, Shift-Dir - straight line, f/p - ogre
Aim: an ogre, wielding a giant club (chance to defeat MR: 46%)
The ogre resists with some effort.
The ogre hits you with a giant club!!
Ouch! That really hurt!
You die...

.. ... .... ...# #..# #..
#.. #.# #.#
#..###################.#
#...........O@.........#
....#####################
#


You could see an ogre.

Vanquished Creatures
  An orc wizard (D:3)
  A centaur skeleton (D:5)
  3 adders
  2 shadow imps
  A dart slug (D:1)
  2 leopard geckos
  9 orcs (D:3)
  A ball python (D:3)
  4 giant cockroaches
  3 goblins
  A hobgoblin (D:3)
  3 jackals
  7 kobolds
  2 bats (D:1)
  2 frilled lizards (D:1)
  A leopard gecko skeleton (D:5)
  A rat (D:3)
44 creatures vanquished.

Notes
Turn   | Place    | Note
-------+----------+-------------------------------------------
     0 | D:1      | emperorscorpion the Minotaur Fighter began the quest for the Orb.
     0 | D:1      | Reached XP level 1. HP: 19/19 MP: 0/0
   201 | D:1      | Reached XP level 2. HP: 25/27 MP: 1/1
   347 | D:3      | Reached XP level 3. HP: 27/33 MP: 2/2
   488 | D:3      | Reached XP level 4. HP: 13/41 MP: 3/3
   500 | D:4      | Noticed a phantom
   572 | D:5      | Entered Level 5 of the Dungeon
   582 | D:5      | HP: 2/61 [leopard gecko skeleton (2)]
   583 | D:5      | Reached XP level 5. HP: 3/47 MP: 4/4
   636 | D:5      | Noticed a phantom
   649 | D:5      | Noticed VajrapaniSR's ghost (amateur OpHu)
   693 | D:4      | Noticed an ogre
   704 | D:4      | Demolished by an ogre

Vault maps used:
D:1:      lightli_arrival_farm
D:2:      fedhas_altar_2, overflow_temple_1_default
D:3:      tgw_sif
D:4:      gammafunk_steamed_eel, kennysheep_generic_room_5
D:5:      first_ration, cheibrodos_sewer_entry_bend, uniq_blork_the_orc,
          uniq_crazy_yiuf_cottage

Skill      XL: |  1  2  3  4 |
---------------+-------------+-----
Fighting       | 4 |  4.5
Shields        | 4 |  4.8
Armour         | 4 |  4.2
Axes           | 3 4 |  4.3
Dodging        | |  0.7

Action                   |  1- 3 |  4- 6 || total
-------------------------+-------+-------++-------
Melee: War axe           |    67 |    15 ||    82
       Headbutt          |     6 |     2 ||     8
Evoke: Wand              |       |     2 ||     2
  Use: Potion            |     1 |     1 ||     2
       Scroll            |       |     2 ||     2
Armor: Scale mail        |    29 |    16 ||    45
Dodge: Dodged            |    29 |    23 ||    52
Block: Shield            |    45 |    22 ||    67

Table legend:
 A = Spawn XP
 B = Non-spawn XP
 C = Spawn XP percentage of total XP
 D = Spawn monster count
 E = Non-spawn monster count
 F = Spawn count percentage of total count
 G = Total turns spent on level
                    A         B        C        D         E        F      G
               +---------+---------+-------+---------+---------+-------+---------
         Total |       0 |     224 |   0.0 |       0 |      44 |   0.0 |   704
               +---------+---------+-------+---------+---------+-------+---------
           D:1 |       0 |      25 |   0.0 |       0 |      14 |   0.0 |   317
           D:2 |       0 |       2 |   0.0 |       0 |       2 |   0.0 |    23
           D:3 |       0 |     105 |   0.0 |       0 |      17 |   0.0 |   147
           D:4 |       0 |      20 |   0.0 |       0 |       5 |   0.0 |   118
           D:5 |       0 |      72 |   0.0 |       0 |       6 |   0.0 |    99
               +---------+---------+-------+---------+---------+-------+---------
